 Dungeon Crawl Stone Soup version 0.28.0-1-gb440e238dd (webtiles) character file.

Game seed: 10735012460490587088

882 Kaptain the Digger (level 8, -10/51 HPs)
             Began as an Octopode Earth Elementalist on Feb 19, 2022.
             Mangled by a two-headed ogre (19 damage)
             ... on level 5 of the Dungeon.
             The game lasted 00:14:10 (5900 turns).

Kaptain the Digger (Octopode Earth Elementalist)    Turns: 5900, Time: 00:14:10

Health: -10/51     AC:  3    Str:  7    XL:     8   Next: 5%
Magic:  12/14      EV: 14    Int: 20    God:
Gold:   205        SH:  0    Dex: 12    Spells: 10/15 levels left

rFire   . . .      SeeInvis .   q - +1 dagger (venom)
rCold   . . .      Faith    .   (no shield)
rNeg    . . .      Spirit   .   i - +2 hat
rPois   .          Reflect  .   (no amulet)
rElec   .          Harm     .   (no ring)
rCorr   .          Rampage  .   (no ring)
Will    .....                   (no ring)
Stlth   ++++......              (no ring)
HPRegen 0.17/turn               (no ring)
MPRegen 0.14/turn               (no ring)
                                (no ring)
                                (no ring)

@: no status effects
A: almost no armour, amphibious, 8 rings, camouflage 1, gelatinous body 1,
(nimble swimmer 1), tentacles
a: no special abilities


You were on level 5 of the Dungeon.
You visited 1 branch of the dungeon, and saw 5 of its levels.

You collected 205 gold pieces.

Inventory:

Hand Weapons
 q - a +1 dagger of venom (weapon)
 r - a +2 dagger of speed
 s - a +1 shortbow of freezing
 v - a +2 vorpal hand axe
Missiles
 a - 11 poisoned darts
 b - 3 throwing nets
 w - 44 arrows
 x - 4 stones
Armour
 i - a +2 hat (worn)
Jewellery
 o - an amulet of reflection
Wands
 d - a wand of iceblast (8)
Scrolls
 c - a scroll of torment
 g - 4 scrolls of fear {unknown}
 h - 2 scrolls of enchant weapon {unknown}
 k - 2 scrolls of teleportation {unknown}
 l - a scroll of noise {unknown}
 p - a scroll of blinking {unknown}
 u - a scroll of acquirement {unknown}
Potions
 e - 2 potions of might
 f - 2 potions of brilliance
 j - 2 potions of berserk rage
 m - a potion of flight
 n - a potion of degeneration {unknown}
 t - a potion of attraction {unknown}


   Skills:
 + Level 2.6 Fighting
 + Level 3.4 Dodging
 + Level 5.0 Stealth
 * Level 4.2 Spellcasting
 * Level 3.6 Conjurations
 - Level 1.0 Transmutations
 * Level 5.2 Earth Magic


You had 10 spell levels left.
You knew the following spells:

 Your Spells              Type           Power      Damage    Failure   Level
a - Sandblast             Erth           50%        2d12      1%          1
b - Stone Arrow           Conj/Erth      44%        3d9       6%          3
c - Sting                 Tmut/Pois      24%        1d4       11%         1

Your spell library contained the following spells:

 Spells                   Type           Power      Damage    Failure   Level
 Passwall                 Tmut/Erth      13%        N/A       5%          2
 Beastly Appendage        Tmut           16%        N/A       9%          1
 Summon Small Mammal      Summ           16%        N/A       13%         1
 Wereblood                Tmut           8%         N/A       13%         2
 Poisonous Vapours        Pois/Air       8%         N/A       19%         2
 Spider Form              Tmut/Pois      6%         N/A       30%         3
 Petrify                  Tmut/Erth      16%        N/A       34%         4
 Olgreb's Toxic Radiance  Pois           4%         N/A       77%         4


Dungeon Overview and Level Annotations

Branches:
Dungeon (5/15)
 Temple: D:4-7

Altars:
Fedhas

Shops:
D:1 :=   D:2 [


Innate Abilities, Weirdness & Mutations

You cannot wear most types of armour.
You are amphibious.
You can wear up to eight rings at the same time.
Your skin changes colour to match your surroundings (Stealth+).
Your rubbery body absorbs attacks. (AC +1, EV +1)
((You are camouflaged when in or above water. (Stealth+)))
You have tentacles for arms and can constrict up to eight enemies at once.


Message History

Casting: Sting (safe; 11% risk of failure)
Confirm with . or Enter, or press ? or * to list all spells.
Aiming: Sting (safe; 11% risk of failure)
Press: ? - help, Shift-Dir - straight line, f/p - two-headed ogre
Aim: a two-headed ogre, wielding a +0 giant spiked club and a +0 giant club (moderately wounded, poisoned, 85% to hit)
The sting misses the two-headed ogre.
The two-headed ogre hits you with a +0 giant spiked club!
The two-headed ogre hits you with a +0 giant club!
The two-headed ogre looks more healthy.
Casting: Sting (safe; 11% risk of failure)
Confirm with . or Enter, or press ? or * to list all spells.
Aiming: Sting (safe; 11% risk of failure)
Press: ? - help, Shift-Dir - straight line, f/p - two-headed ogre
Aim: a two-headed ogre, wielding a +0 giant spiked club and a +0 giant club (heavily wounded, 85% to hit)
You miscast Sting.
You are very lightly contaminated with residual magic.
Nothing appears to happen.
Casting: Sting (safe; 11% risk of failure)
Confirm with . or Enter, or press ? or * to list all spells.
Aiming: Sting (safe; 11% risk of failure)
Press: ? - help, Shift-Dir - straight line, f/p - two-headed ogre
Aim: a two-headed ogre, wielding a +0 giant spiked club and a +0 giant club (heavily wounded, 85% to hit)
The sting hits the two-headed ogre but does no damage.
The two-headed ogre is poisoned.
The two-headed ogre is heavily wounded.
The two-headed ogre barely misses you. x2
The two-headed ogre looks more healthy.
Your magical contamination has completely faded away.
Casting: Sting (safe; 11% risk of failure)
Confirm with . or Enter, or press ? or * to list all spells.
Aiming: Sting (safe; 11% risk of failure)
Press: ? - help, Shift-Dir - straight line, f/p - two-headed ogre
Aim: a two-headed ogre, wielding a +0 giant spiked club and a +0 giant club (heavily wounded, 85% to hit)
The sting hits the two-headed ogre but does no damage.
The two-headed ogre is poisoned.
The two-headed ogre is heavily wounded.
The two-headed ogre hits you with a +0 giant spiked club!!
* * * LOW HITPOINT WARNING * * *
The two-headed ogre hits you with a +0 giant club!!
You die...

#.##########
#.#........#
#.##.#####.#
#.##.#...#.#
#.##.#.#.#.#
#....#.#.#.#
######.#.#.#
#.#.#.#
#@#.#.#
#.O...#
###.### #.#
#.# #.# #.#
##########)#
#<.....)..)#


You could see a two-headed ogre (poisoned).

Vanquished Creatures
  Grinder (D:3)
  A water moccasin (D:5)
  A centaur (D:5)
  A water moccasin skeleton (D:4)
  A hound (D:5)
  2 orc priests (D:5)
  A bullfrog skeleton (D:4)
  An iguana (D:4)
  3 orc wizards (D:4)
  8 gnolls
  6 adders
  A shadow imp (D:3)
  An adder skeleton (D:4)
  2 worms (D:2)
  2 dart slugs
  11 orcs
  6 ball pythons
  10 endoplasms
  4 giant cockroaches
  7 goblins
  5 hobgoblins
  2 jackals (D:2)
  3 quokkas
  9 bats
  3 frilled lizards
  9 kobolds
  2 rats
103 creatures vanquished.

Vanquished Creatures (others)
  A fungus (D:2)
  7 plants
8 creatures vanquished.

Grand Total: 111 creatures vanquished

Notes
Turn   | Place    | Note
-------+----------+-------------------------------------------
     0 | D:1      | Kaptain the Octopode Earth Elementalist began the quest for
                  | the Orb.
     0 | D:1      | Reached XP level 1. HP: 11/11 MP: 3/3
   269 | D:1      | Reached XP level 2. HP: 17/17 MP: 3/5
   408 | D:1      | Found Nasade Weume's Jewellery Boutique.
   655 | D:1      | Found Hokom's Book Boutique.
  1279 | D:2      | Found Zuneid's Armour Shoppe.
  1294 | D:2      | Reached XP level 3. HP: 21/22 MP: 4/6
  1338 | D:2      | Learned a level 3 spell: Stone Arrow
  1930 | D:2      | Reached XP level 4. HP: 27/27 MP: 5/7
  1984 | D:2      | Found a faded altar of an unknown god.
  1988 | D:2      | Got Plato's Reference Book on Creation
  2054 | D:2      | Reached skill level 1 in Fighting
  2282 | D:2      | Reached skill level 1 in Conjurations
  3016 | D:3      | Noticed Grinder
  3041 | D:3      | Killed Grinder
  3042 | D:3      | Reached XP level 5. HP: 34/34 MP: 0/9
  3042 | D:3      | Reached XP level 6. HP: 39/39 MP: 0/10
  3207 | D:3      | Learned a level 1 spell: Sting
  4263 | D:4      | Reached XP level 7. HP: 30/45 MP: 12/12
  4956 | D:4      | You fall into a shaft and drop 1 floor!
  4956 | D:5      | Entered Level 5 of the Dungeon
  5141 | D:5      | Found a blossoming altar of Fedhas.
  5449 | D:5      | Reached skill level 5 in Earth Magic
  5726 | D:5      | Reached skill level 5 in Stealth
  5726 | D:5      | Reached XP level 8. HP: 42/51 MP: 12/14
  5859 | D:5      | Noticed a two-headed ogre
  5900 | D:5      | Mangled by a two-headed ogre

Illustrated notes

Levels and vault maps discovered:
D:1:      minmay_arrival_hallway, layout_basic, serial_shops,
          nicolae_shop_statue_plus, nicolae_shop_behind_doors,
          minmay_tree_intersection
D:2:      layout_basic, serial_rivers, chequers_serial_rivers_large_a,
          chequers_serial_rivers_large_b, chequers_serial_rivers_small_3,
          chequers_serial_rivers_small_3, shapermc_ecumenical_altar_rom_forum,
          serial_shops, nicolae_shop_competitors_out_of_business,
          minmay_misc_feat_rows
D:3:      layout_basic, uniq_grinder
D:4:      layout_gridville
D:5:      layout_basic, fedhas_ov_isle_minmay, uniq_pikel

Skill      XL: |  1  2  3  4  5  6  7 |
---------------+----------------------+-----
Stealth        | 3 4 5 |  5.0
Fighting       | 1 2 |  2.6
Conjurations   | 2 3 |  3.6
Spellcasting   | 3 4 |  4.2
Earth Magic    | 4 5 |  5.2
Dodging        | 3 |  3.4
Transmutations | |  1.0

Action                   |  1- 3 |  4- 6 |  7- 9 || total
-------------------------+-------+-------+-------++-------
Melee: Unarmed           |     4 |       |       ||     4
       Constrict         |     6 |    13 |     8 ||    27
       Tentacles         |     5 |    16 |    11 ||    32
       Dagger            |    20 |    47 |    34 ||   101
 Cast: Sandblast         |    42 |    29 |    31 ||   102
       Sting             |       |    13 |    30 ||    43
       Stone Arrow       |       |       |     1 ||     1
  Use: Scroll            |     3 |     2 |       ||     5
 Stab: Sleeping          |     1 |     7 |       ||     8
Armor: Skin              |    15 |    16 |     9 ||    40
Dodge: Dodged            |    34 |    23 |    46 ||   103
